 Dungeon Crawl Stone Soup version 0.30.0-15-g856e2d3f33 (webtiles) character file.

Game seed: 13929288594372935910

802 qw the Chopper (level 7, -6/44 HPs)
             Began as a Gargoyle Cinder Acolyte on May 18, 2023.
             Was a Priest of Ignis.
             Mangled by a wight
             ... wielding a +2 great sword
              (11 damage)
             ... on level 6 of the Dungeon.
             The game lasted 00:02:37 (4655 turns).

qw the Chopper (Gargoyle Cinder Acolyte)            Turns: 4655, Time: 00:02:38

Health: -6/44      AC: 22    Str: 16 (19) XL:     7   Next: 91%
Magic:  8/8        EV:  7    Int: 13 (15) God:    Ignis [***...]
Gold:   340        SH:  5    Dex:  8 (11) Spells: 8/8 levels left

rFire   + . .        Y - +0 war axe
rCold   . . .        (no shield)
rNeg    + . .        b - +0 chain mail
rPois   inf          (no helmet)
rElec   +            (no cloak)
rCorr   .            (no gloves)
SInv    .            p - +0 pair of boots
Will    .....        g - amulet of reflection Stlth
                     l - +6 ring of dexterity
HPRegen 0.27/turn    o - +4 ring of slaying {mikee}
MPRegen 0.11/turn

%: reflection
@: about to teleport, fiery-armoured
A: sickness immunity, AC +4, negative energy resistance 1, electricity
resistance, torment resistance 1, petrification resistance
a: Renounce Religion, Fiery Armour, Foxfire Swarm, Rising Flame


You were on level 6 of the Dungeon.
You worshipped Ignis.
Ignis was most pleased with you.
You visited 1 branch of the dungeon, and saw 6 of its levels.

You collected 340 gold pieces.


Innate Abilities, Weirdness & Mutations

You are immune to sickness and miasma.
Your stone body is resilient. (AC +4)
You are immune to poison.
You resist negative energy. (rN+)
You are resistant to electric shocks. (rElec)
You are resistant to unholy torment.
You are immune to petrification.


   Skills:
 + Level 4.6 Fighting
 - Level 7.0 Axes
 - Level 3.1 Armour
 - Level 1.4 Dodging
 - Level 1.0 Spellcasting
 - Level 3.0 Fire Magic


You had 8 spell levels left.
You didn't know any spells.
Your spell library contained the following spells:

 Spells                   Type           Power      Damage    Failure   Level
 Scorch                   Fire           16%        2d5       82%         2

Inventory:

Hand Weapons
 d - a -1 hand axe of flaming
 Y - a +0 war axe (weapon)
Armour
 b - a +0 chain mail (worn)
 p - a +0 pair of boots (worn)
Jewellery
 g - an amulet of reflection (around neck)
 l - a +6 ring of dexterity (left hand)
 o - a +4 ring of slaying (right hand) {mikee}
Scrolls
 j - a scroll of identify
Potions
 e - 2 potions of mutation
 f - a potion of heal wounds
 h - a potion of might
 i - a potion of curing
 m - a potion of berserk rage {unknown}
 n - a potion of invisibility {unknown}

Dungeon Overview and Level Annotations

Branches:
Dungeon (6/15)             Temple (0/1) D:5

Altars:
Ashenzari
Xom


Message History

The wight is moderately damaged.
You hit the wight. The wight barely misses you.
The wight hits you but does no damage.
You closely miss the wight.
The wight is moderately damaged.
You hit the wight but do no damage. The wight hits you with a +4 halberd.
The wight hits you but does no damage.
You slash the wight!
The wight is almost destroyed.
You hit the wight.
The wight hits you with a +2 great sword.
The wight barely misses you.
You closely miss the wight.
The wight is almost destroyed.
You closely miss the wight.
The wight hits you with a +2 great sword!
The wight hits you with a +4 halberd.
You hit the wight.
The wight is almost destroyed.
You hit the wight.
The wight hits you with a +2 great sword!
You block the wight's attack.
4654 ||| INVOKING Fiery Armour.
A protective cloak of flame settles atop you.
A wight comes into view. It is wielding a +4 flail.
The wight hits you but does no damage.
The wight is burned by your cloak of flames.
You destroy the wight!
The wight hits you with a +2 great sword!
The wight is burned by your cloak of flames.
The wight is almost destroyed.
Your Armour skill increases to level 3!
4655 ||| READING scroll of teleportation.
As you read the scroll of teleportation, it crumbles to dust.
You feel strangely unstable. The wight hits you but does no damage.
The wight is burned by your cloak of flames.
The wight is lightly damaged.
The wight hits you with a +2 great sword!
You die...

.# ... ..
..# . .
..##.. .#
.#....
....####...
.........#
#.<## ##..#
##@#
#zz.....#
.z......#
..###.....
..# ##...
... .. ....
# ###.


You could see 3 wights.

Vanquished Creatures
  An ogre (D:5)
  2 centaurs (D:5)
  A wight (D:6)
  A howler monkey (D:3)
  3 hounds
  2 orc wizards
  Natasha (thrice) (D:2)
  9 gnolls
  4 adders
  A white imp (D:5)
  An ufetubus (D:5)
  2 worms (D:3)
  4 dart slugs
  11 orcs
  4 bats
  6 endoplasms
  A giant cockroach (D:4)
  11 goblins
  9 hobgoblins
  15 jackals
  5 kobolds
  5 quokkas
  4 ball pythons
  2 frilled lizards
  6 rats
113 creatures vanquished.

Notes
Turn   | Place    | Note
-------+----------+-------------------------------------------
     0 | D:1      | qw the Gargoyle Cinder Acolyte began the quest for the Orb.
     0 | D:1      | Reached XP level 1. HP: 14/14 MP: 2/2
     0 | D:1      | 0 ||| qw: Version: 0.2-a-95-gc95f03d
     0 | D:1      | 0 ||| qw: Game counter: 59
     0 | D:1      | 0 ||| qw: Always use a shield: true
     0 | D:1      | 0 ||| qw: God list: Okawaru
     0 | D:1      | 0 ||| qw: Allow faded altars: false
     0 | D:1      | 0 ||| qw: Do Orc after D:15 true
     0 | D:1      | 0 ||| qw: Do second Lair branch before Depths: true
     0 | D:1      | 0 ||| qw: Lair rune preference: random
     0 | D:1      | 0 ||| qw: Plans: Normal
     0 | D:1      | 0 ||| PLANNING D:1-11
   138 | D:1      | 138 ||| Stepping ~*~*~tactically~*~*~ (stealth).
   139 | D:1      | 139 ||| Stepping ~*~*~tactically~*~*~ (stealth).
   142 | D:1      | Reached skill level 3 in Axes
   224 | D:1      | Reached XP level 2. HP: 19/19 MP: 3/3
   244 | D:1      | 244 ||| Stepping ~*~*~tactically~*~*~ (stealth).
   420 | D:1      | 420 ||| Stepping ~*~*~tactically~*~*~ (stealth).
   434 | D:1      | 434 ||| Stepping ~*~*~tactically~*~*~ (stealth).
   446 | D:1      | 446 ||| Stepping ~*~*~tactically~*~*~ (stealth).
   487 | D:1      | 487 ||| Stepping ~*~*~tactically~*~*~ (hiding).
   877 | D:1      | 877 ||| Stepping ~*~*~tactically~*~*~ (stealth).
   884 | D:1      | Reached XP level 3. HP: 23/23 MP: 4/4
   911 | D:1      | 911 ||| UPGRADING to +0 ring mail.
   921 | D:1      | 921 ||| DROPPING +0 robe.
   922 | D:1      | 922 ||| DROPPING scarf of invisibility.
   923 | D:1      | 923 ||| UPGRADING to amulet of reflection.
   928 | D:1      | 928 ||| DROPPING ring of wizardry.
   929 | D:1      | 929 ||| READING 2 scrolls labelled MENNIU SAUPYCK.
   932 | D:1      | 932 ||| READING scroll labelled LUUNTI KAUNISE.
   933 | D:1      | 933 ||| READING 2 scrolls labelled LEG XENECUIMM.
   977 | D:2      | Found a faded altar of an unknown god.
  1142 | D:2      | Noticed Natasha
  1143 | D:2      | 1143 ||| Stepping ~*~*~tactically~*~*~ (hiding).
  1144 | D:2      | 1144 ||| Stepping ~*~*~tactically~*~*~ (hiding).
  1151 | D:2      | Killed Natasha
  1152 | D:2      | Reached skill level 4 in Axes
  1188 | D:2      | 1188 ||| Stepping ~*~*~tactically~*~*~ (hiding).
  1189 | D:2      | 1189 ||| Stepping ~*~*~tactically~*~*~ (hiding).
  1196 | D:2      | Reached XP level 4. HP: 27/28 MP: 5/5
  1223 | D:2      | Noticed Natasha
  1224 | D:2      | 1224 ||| Stepping ~*~*~tactically~*~*~ (stealth).
  1225 | D:2      | 1225 ||| Stepping ~*~*~tactically~*~*~ (stealth).
  1228 | D:2      | 1228 ||| Stepping ~*~*~tactically~*~*~ (stealth).
  1237 | D:2      | Killed Natasha
  1238 | D:2      | Reached skill level 1 in Armour
  1255 | D:2      | Noticed Natasha
  1256 | D:2      | 1256 ||| Stepping ~*~*~tactically~*~*~ (stealth).
  1302 | D:2      | 1302 ||| INVOKING Fiery Armour.
  1348 | D:2      | 1348 ||| Stepping ~*~*~tactically~*~*~ (stealth).
  1352 | D:2      | 1352 ||| Stepping ~*~*~tactically~*~*~ (stealth).
  1402 | D:2      | Killed Natasha
  1403 | D:2      | Reached XP level 5. HP: 19/32 MP: 6/6
  1488 | D:2      | 1488 ||| Stepping ~*~*~tactically~*~*~ (stealth).
  1518 | D:2      | Reached skill level 5 in Axes
  1518 | D:2      | 1518 ||| Stepping ~*~*~tactically~*~*~ (stealth).
  1586 | D:2      | Found a broken altar of Ashenzari.
  1789 | D:2      | 1789 ||| UPGRADING to +6 ring of dexterity.
  1790 | D:2      | 1790 ||| READING scroll labelled CEEREEMMAOLO.
  1791 | D:2      | 1791 ||| READING 3 scrolls of identify.
  1791 | D:2      | 1791 ||| IDENTIFYING fuming grey potion
  1792 | D:2      | 1792 ||| READING 2 scrolls of identify.
  1792 | D:2      | 1792 ||| IDENTIFYING metallic dark potion
  1793 | D:2      | 1793 ||| DROPPING potion of flight.
  1794 | D:2      | 1794 ||| DROPPING potion of brilliance.
  1857 | D:3      | 1857 ||| Stepping ~*~*~tactically~*~*~ (stealth).
  1980 | D:3      | 1980 ||| Stepping ~*~*~tactically~*~*~ (hiding).
  1995 | D:3      | 1995 ||| INVOKING Fiery Armour.
  2001 | D:3      | HP: 3/32 [something/magic dart (8)]
  2002 | D:3      | 2002 ||| READING 2 scrolls of teleportation.
  2009 | D:3      | Reached skill level 1 in Dodging
  2352 | D:3      | 2352 ||| Stepping ~*~*~tactically~*~*~ (stealth).
  2426 | D:3      | Reached XP level 6. HP: 36/38 MP: 7/7
  2499 | D:3      | Found a shimmering altar of Xom.
  2763 | D:3      | 2763 ||| UPGRADING to +0 chain mail.
  2773 | D:3      | 2773 ||| DROPPING +0 ring mail.
  2846 | D:3      | 2846 ||| READING scroll labelled HOILEA ABBEU.
  3112 | D:4      | 3112 ||| INVOKING Fiery Armour.
  3428 | D:4      | 3428 ||| Stepping ~*~*~tactically~*~*~ (hiding).
  3608 | D:4      | 3608 ||| UPGRADING to +4 ring of slaying {mikee}.
  3609 | D:4      | 3609 ||| READING scroll labelled KOECVA ULIPT.
  3610 | D:4      | 3610 ||| READING scroll labelled QUYC KEILAH.
  3611 | D:4      | 3611 ||| DRINKING 2 cyan potions.
  3612 | D:4      | 3612 ||| READING 3 scrolls of identify.
  3612 | D:4      | 3612 ||| IDENTIFYING pink potion
  3613 | D:4      | 3613 ||| READING 2 scrolls of identify.
  3613 | D:4      | 3613 ||| IDENTIFYING metallic brown potion
  3614 | D:4      | 3614 ||| DROPPING potion of attraction.
  3632 | D:5      | Entered Level 5 of the Dungeon
  3633 | D:5      | 3633 ||| PLANNING OSSUARY
  3638 | D:5      | Reached XP level 7. HP: 43/43 MP: 8/8
  3638 | D:5      | Found a staircase to the Ecumenical Temple.
  3675 | D:5      | 3675 ||| SWAPPING to +0 war axe.
  3681 | D:5      | Reached skill level 6 in Axes
  3740 | D:5      | 3740 ||| Stepping ~*~*~tactically~*~*~ (hiding).
  3741 | D:5      | 3741 ||| Stepping ~*~*~tactically~*~*~ (hiding).
  3814 | D:5      | 3814 ||| INVOKING Fiery Armour.
  3817 | D:5      | Reached skill level 7 in Axes
  3968 | D:5      | 3968 ||| Stepping ~*~*~tactically~*~*~ (stealth).
  4282 | D:5      | 4282 ||| RIP OSSUARY
  4298 | D:5      | 4298 ||| PLANNING D:1-11
  4339 | D:5      | 4339 ||| INVOKING Fiery Armour.
  4601 | D:5      | 4601 ||| UPGRADING to +0 pair of boots.
  4606 | D:5      | 4606 ||| READING scroll labelled ELAATZ EVVURGH.
  4607 | D:5      | 4607 ||| DRINKING 3 puce potions.
  4608 | D:5      | 4608 ||| READING 2 scrolls of identify.
  4608 | D:5      | 4608 ||| IDENTIFYING orange potion
  4609 | D:5      | 4609 ||| DROPPING 2 potions of degeneration.
  4642 | D:6      | 4642 ||| PLANNING SEWER
  4644 | D:6      | 4644 ||| Stepping ~*~*~tactically~*~*~ (hiding).
  4646 | D:6      | 4646 ||| Stepping ~*~*~tactically~*~*~ (hiding).
  4654 | D:6      | 4654 ||| INVOKING Fiery Armour.
  4654 | D:6      | HP: 5/44 [wight/+2 great sword (8)]
  4655 | D:6      | Reached skill level 3 in Armour
  4655 | D:6      | 4655 ||| READING scroll of teleportation.
  4655 | D:6      | Mangled by a wight

Levels and vault maps discovered:
D:1:      dpeg_arrival_more_subterranean_lakeside_camping, layout_loops_ring,
          kennysheep_crisscross, minivault_24, minmay_tromino_v4_b
D:2:      layout_loops_ring, basic_altar, basic_ecumenical_altar, uniq_natasha
D:3:      lemuel_castle_with_subvaults [lemuel_castle_interior_original],
          layout_loops_ring, old_standard_altar, grunt_ministairs_10
D:4:      layout_basic, kennysheep_dice
D:5:      layout_loops_ring, minmay_temple_entry_offerings, enter_ossuary_2,
          minivault_5
D:6:      layout_layer_cave, cheibrodos_sewer_entry_sluice, serial_shops, shop,
          shop, nicolae_shop_window_shopping, shop, shop, minmay_misc_feat_x,
          lightli_orcish_oven

Skill      XL: |  1  2  3  4  5  6  7 |
---------------+----------------------+-----
Axes           | 3 4 5 7 |  7.0
Armour         | 1 2 3 |  3.1
Dodging        | 1 |  1.4
Fighting       | 4 |  4.6
Spellcasting   | |  1.0
Fire Magic     | |  3.0

Action                     |  1- 3 |  4- 6 |  7- 9 || total
---------------------------+-------+-------+-------++-------
  Melee: Hand axe          |    92 |   258 |       ||   350
         Punch             |       |     5 |       ||     5
         War axe           |       |       |    40 ||    40
 Invoke: Fiery Armour      |       |     3 |     3 ||     6
    Use: Scroll            |     3 |     9 |     3 ||    15
         Potion            |       |     1 |     1 ||     2
 Armour: Robe              |    27 |       |       ||    27
         Ring mail         |     2 |    62 |       ||    64
         Chain mail        |       |    50 |    32 ||    82
  Dodge: Dodged            |    43 |   109 |    16 ||   168
  Block: Other             |     2 |    68 |    13 ||    83
         Reflection        |       |     2 |     3 ||     5

Table legend:
 A = Non-vault XP
 B = Vault XP
 C = Vault XP percentage of total XP
 D = Non-vault monster count
 E = Vault monster count
 F = Vault count percentage of total count
                 A         B        C        D         E       F
            +---------+---------+-------+---------+---------+-------
      Total |     946 |     201 |  17.5 |      88 |      25 |  22.1
            +---------+---------+-------+---------+---------+-------
        D:1 |      32 |       3 |   8.6 |      19 |       2 |   9.5
        D:2 |     146 |      35 |  19.3 |      17 |       1 |   5.6
        D:3 |      84 |     161 |  65.7 |      20 |      21 |  51.2
        D:4 |     151 |       2 |   1.3 |      20 |       1 |   4.8
        D:5 |     461 |       0 |   0.0 |      11 |       0 |   0.0
        D:6 |      72 |       0 |   0.0 |       1 |       0 |   0.0
            +---------+---------+-------+---------+---------+-------
